 Dungeon Crawl Stone Soup version 0.20-a0-1020-g7b9e4fe (webtiles) character file.

5352 Gorglomux the Nimble (level 10, 48/48 HPs)
             Began as a Felid Earth Elementalist on Apr 18, 2017.
             Was a Believer of Ru.
             Quit the game on level 1 of the Lair of Beasts.
             The game lasted 00:51:55 (19734 turns).

Gorglomux the Nimble (Felid Earth Elementalist)    Turns: 19734, Time: 00:51:55

Health: 48/48      AC:  2    Str:  4    XL:     10   Next: 38%
Magic:  25/25      EV: 31    Int: 18    God:    Ru [**....]
Gold:   634        SH:  0    Dex: 19    Spells: 8/15 levels left
                                        Lives:  0   Deaths: 2

rFire    . . .     SeeInvis +     - Unarmed
rCold    . . .     Gourm    .   (shield unavailable)
rNeg     . . .     Faith    .   (armour unavailable)
rPois    +         Spirit   .   (helmet unavailable)
rElec    .         Reflect  .   (cloak unavailable)
rCorr    .         Harm     .   (gloves unavailable)
MR       +....                  (boots unavailable)
Stlth    ++++......             (no amulet)
Regen    0.2/turn               B - ring of poison resistance {rPois, !d}
MPRegen  0.2/turn               v - ring of magical power {MP+9}

@: quick
A: no armour, no weapons or thrown items, stealth, claws 1, fangs 3, see
invisible, carnivore 3, speed 1, shaggy fur 2, slow metabolism 1, hated by all,
sharp paws, missing an eye
a: Renounce Religion


You were on level 1 of the Lair of Beasts.
You worshipped Ru.
Ru was pleased with you.
You were not hungry.

You visited 3 branches of the dungeon, and saw 13 of its levels.

You collected 634 gold pieces.

Inventory:

Missiles
 u - 62 stones
 M - a throwing net {=f, !d}
Jewellery
 t - a +1 ring of protection
   (You found it on level 4 of the Dungeon)
 v - a ring of magical power (right paw) {MP+9}
   (You found it on level 5 of the Dungeon)
 B - a ring of poison resistance (left paw) {rPois, !d}
   (You took it off an orc on level 6 of the Dungeon)
Wands
 q - a wand of random effects (24/48)
   (You found it on level 7 of the Dungeon)
 r - a wand of iceblast (6/15)
   (You found it on level 5 of the Dungeon)
 w - a wand of polymorph (6/24)
   (You found it on level 2 of the Lair of Beasts)
 y - a wand of flame (29/48)
   (You found it on level 7 of the Dungeon)
 z - a wand of iceblast (5/15)
   (You found it on level 6 of the Dungeon)
 C - a wand of flame (15/48)
   (You found it on level 7 of the Dungeon)
 F - a wand of paralysis (5/24)
   (You found it on level 8 of the Dungeon)
 G - a wand of digging (12/24)
   (You found it on level 1 of the Lair of Beasts)
 J - a wand of digging (8/24)
   (You found it on level 8 of the Dungeon)
 K - a wand of random effects (15/48)
   (You found it on level 10 of the Dungeon)
Scrolls
 a - 2 scrolls of amnesia
 b - a scroll of recharging
 e - 4 scrolls of teleportation {unknown}
 f - 8 scrolls of remove curse
 j - a scroll of fear
 m - 2 scrolls of random uselessness {unknown}
 n - 2 scrolls of immolation {!r}
 s - 2 scrolls of fog
 A - a scroll of noise {unknown}
 D - a scroll of vulnerability {unknown}
 L - a scroll of torment {unknown}
Potions
 h - 5 potions of heal wounds
 i - 2 potions of ambrosia
 k - 3 potions of degeneration {!q}
 l - 2 potions of flight
 o - 4 potions of curing
 p - 2 potions of lignification {!q}
 x - a potion of mutation {!q}
 E - 2 potions of haste
 I - a potion of magic
Books
 d - a book of Geomancy
 H - a book of Misfortune
   (You found it on level 8 of the Dungeon)
Comestibles
 c - 10 meat rations {@e2@e2}
 g - 18 royal jellies


   Skills:
 * Level 8.0 Fighting
 + Level 13.8 Dodging
 - Level 5.3 Stealth
 - Level 12.2 Unarmed Combat
 - Level 3.3 Spellcasting
 - Level 3.8 Conjurations
 - Level 5.1 Hexes
 - Level 1.1 Transmutations
 - Level 5.1 Earth Magic


You had 8 spell levels left.
You knew the following spells:

 Your Spells              Type           Power        Failure   Level  Hunger
a - Sandblast             Erth           ###...       1%          1    None
b - Confusing Touch       Hex            ###...       1%          1    None
w - Passwall              Tmut/Erth      ##........   10%         2    ##.....
x - Stone Arrow           Conj/Erth      ###...       10%         3    ###....


Dungeon Overview and Level Annotations

Branches:
Dungeon (10/15)            Temple (1/1) D:7            Lair (2/6) D:10
 Spider (0/4) Lair:2
  Swamp: Lair:2-4    Shoals: Lair:2-4       Orc: D:9-12

Altars:
Ashenzari
Cheibriados
Dithmenos
Elyvilon
Fedhas
Gozag
Hepliaklqana
Kikubaaqudgha
Makhleb
Nemelex Xobeh
Okawaru
Qazlal
Ru
Sif Muna
Trog
Uskayaw
Vehumet
Wu Jian
Xom
Yredelemnul
Zin
The Shining One

Portals:
Trove: D:10 (give 9 potions of haste)


Innate Abilities, Weirdness & Mutations

You cannot wear armour.
You are incapable of wielding weapons or throwing items.
Your paws allow you to move quietly. (Stealth)
You have sharp claws.
You have razor-sharp teeth.
You have supernaturally acute eyesight. (SInv)
You are carnivorous and can eat meat at any time.
You cover ground quickly.
You are covered in thick fur. (AC +2)
You have a slow metabolism.
You are hated by all.
Your sharp claws are effective at attacking unaware monsters.
You are missing an eye, making it more difficult to aim.


Message History

You mangle the bullfrog!! Your claw misses the bullfrog. You bite the bullfrog.
You kill the bullfrog!
Your Fighting skill increases to level 8!
Your paws begin to glow red.
The eight-headed hydra bites you. x2
The eight-headed hydra closely misses you.
The eight-headed hydra completely misses you.
The eight-headed hydra misses you.
The eight-headed hydra closely misses you.
The eight-headed hydra misses you. x2
You take 4 damage, and have 36/51 hp.
You now have 24/26 mp.
You scratch the eight-headed hydra but do no damage.
You scratch the eight-headed hydra but do no damage.
The eight-headed hydra appears confused.
The eight-headed hydra bites the spiny frog!
The eight-headed hydra closely misses the spiny frog.
The eight-headed hydra completely misses the spiny frog.
The eight-headed hydra bites the spiny frog but does no damage.
The eight-headed hydra bites the spiny frog.
The eight-headed hydra bites the spiny frog!
The eight-headed hydra bites the spiny frog.
The eight-headed hydra bites the spiny frog!
You closely miss the eight-headed hydra.
The bullfrog croaks.
The eight-headed hydra bites the plant but does no damage.
The eight-headed hydra bites the plant.
The eight-headed hydra bites the plant! x2
The eight-headed hydra bites the plant. x2
The eight-headed hydra bites the plant but does no damage.
The eight-headed hydra bites the plant!
You catch the helpless eight-headed hydra completely off-guard!
You mangle the eight-headed hydra!! You claw the eight-headed hydra.
You barely miss the eight-headed hydra.
The eight-headed hydra closely misses you.
The eight-headed hydra bites you.
The eight-headed hydra closely misses you.
The eight-headed hydra misses you. The eight-headed hydra bites you.
The eight-headed hydra barely misses you.
The eight-headed hydra bites you!
* * * LOW HITPOINT WARNING * * *
The eight-headed hydra closely misses you.
You take 22 damage, and have 15/51 hp.
MASSIVE DAMAGE!!
You scratch the eight-headed hydra.
You catch the helpless eight-headed hydra completely off-guard!
You mangle the eight-headed hydra!! You claw the eight-headed hydra!
The eight-headed hydra seems less confused.
The eight-headed hydra completely misses you.
The eight-headed hydra bites you!
* * * LOW HITPOINT WARNING * * *
The eight-headed hydra closely misses you.
The eight-headed hydra misses you.
The eight-headed hydra completely misses you. x4
You take 8 damage, and have 7/51 hp.
Unknown command.
The bullfrog completely misses you.
MP restored: 26 The bullfrog completely misses you.
The bullfrog hits you but does no damage.
The bullfrog snags a nearby centipede with its tongue.
You see here a ring mail.
Aim: a bullfrog The stone arrow hits the bullfrog.
The bullfrog misses you.
You now have 23/26 mp.
The giant cockroach waves its antennae.
The bullfrog completely misses you.
Aim: a bullfrog (heavily wounded)
The stone arrow misses the bullfrog.
The stone arrow hits the giant cockroach.
You kill the giant cockroach!
The bullfrog misses you. The bullfrog closely misses you.
You now have 21/26 mp.
Aim: a bullfrog (heavily wounded)
The stone arrow misses the bullfrog.
The bullfrog misses you.
You now have 18/26 mp.
Aim: a bullfrog (heavily wounded)
The stone arrow hits the bullfrog.
The bullfrog hits you.
* * * LOW HITPOINT WARNING * * *
The bullfrog misses you.
You take 4 damage, and have 6/51 hp.
You now have 16/26 mp.
Unknown command.
The bullfrog misses you.
Aim: a bullfrog (severely wounded)
Okay, then.
The bullfrog misses you.
The six-headed hydra roars!
There is a stone staircase leading up, spattered with blood here.
The bullfrog completely misses you. The six-headed hydra misses you. x2
The six-headed hydra bites you but does no damage.
The six-headed hydra bites you.
* * * LOW HITPOINT WARNING * * *
The six-headed hydra barely misses you.
The six-headed hydra completely misses you.
You climb upwards.
There is a stone staircase leading down here.
You take 2 damage, and have 5/51 hp.
The bullfrog hits you.
You die...
You are now level 10!
You rejoin the land of the living...
Health restored: 48; MP restored: 25 Unknown command.

##............##
#............##
##............# ###
##..........## ##.#
#...........#######..#
##...................#
##.........#........#
#P.%..#..P##.#.....#
####.#..#####@.....##
#....P# #........#
###....## #......###
###.....## ##.....#
##......### ##.##.#
##.........## ####.#
#...........### ##..#
.............P# #P..##
....(.........# #P...#


There were no monsters in sight!

Vanquished Creatures
  A hydra (D:10)
  5 two-headed ogres
  Pikel (D:8)
  2 black mambas
  An elephant (D:10)
  A torpor snail (Lair:2)
  3 spiny frogs
  2 rime drakes
  A demonic crawler (Lair:1)
  A komodo dragon (Lair:1)
  A kobold demonologist (D:9)
  A polar bear (Lair:2)
  Grinder (D:4)
  5 hippogriffs
  The ghost of derval the Magician, an amateur DEFE (D:4)
  2 wyverns (Lair:1)
  13 yaks
  7 water moccasins
  3 porcupines
  2 ice beasts
  A sky beast (D:3)
  A necrophage (D:9)
  3 black bears
  A slave (D:8)
  7 ogres
  An eye of draining (D:7)
  4 phantoms
  A centaur (D:9)
  3 crocodiles
  A big kobold (D:10)
  9 bullfrogs
  A gnoll sergeant (D:9)
  6 scorpions
  12 killer bees
  10 wights
  2 howler monkeys
  4 crimson imps
  A bullfrog zombie (D:8)
  A centaur zombie (D:5)
  6 orc wizards
  4 orc priests
  2 bullfrog skeletons
  7 hounds
  7 jellies
  4 iguanas
  Terence (D:3)
  12 worker ants
  2 killer bee zombies
  A hound skeleton (D:6)
  A hound zombie (D:5)
  2 howler monkey zombies
  2 worker ant zombies (D:5)
  5 gnolls
  2 howler monkey skeletons (D:5)
  6 adders
  A shadow imp (D:8)
  7 oozes
  2 adder zombies (D:5)
  2 adder skeletons
  2 worms
  5 leopard geckos
  35 orcs
  2 ball pythons
  13 bats
  9 giant cockroaches
  4 hobgoblins
  13 jackals
  13 kobolds
  7 quokkas
  A ball python zombie (D:5)
  5 frilled lizards
  2 giant cockroach zombies (D:5)
  3 goblins
  A jackal zombie (D:5)
  11 rats
325 creatures vanquished.

Vanquished Creatures (others)
  2 slaves (D:8)
  A sky beast (D:8)
  A killer bee (D:10)
  3 hounds
  A worker ant (D:8)
  An adder (D:5)
  3 fungi (Lair:2)
  A plant (Lair:2)
13 creatures vanquished.

Grand Total: 338 creatures vanquished

Notes
Turn   | Place    | Note
-------+----------+-------------------------------------------
     0 | D:1      | Gorglomux the Felid Earth Elementalist began the quest for the Orb.
     0 | D:1      | Reached XP level 1. HP: 7/7 MP: 4/4
   110 | D:1      | Reached skill level 3 in Stealth
   112 | D:1      | Reached XP level 2. HP: 7/11 MP: 1/6
   525 | D:1      | Gorglomux: !whichgod fe
   525 | D:1      | beem: fe is ambiguous: may be species or class. Use fe-- (Felid) or --fe (Fire Elementalist) to disambiguate
   525 | D:1      | Gorglomux: !whichgod fe--
   525 | D:1      | beem: 221 recent wins: 32x Cheibriados, 24x Ru, 23x Sif Muna, 22x Vehumet, 22x Dithmenos, 14x Ashenzari, 14x Trog, 8x Xom, 8x Jiyva, 7x Yredelemnul, 6x Lugonu, 5x Nemelex Xobeh, 5x Makhleb, 4x Qazlal, 4x Hepliaklqana, 4x Fedhas, 3x Wu Jian, 3x Okawaru, 3x Gozag, 2x The Shining One, 2x Elyvilon, 2x Kikubaaqudgha, 2x Uskayaw, Zin, Wudzu
   595 | D:1      | Reached skill level 3 in Earth Magic
   595 | D:1      | Gorglomux: !log fe-- win god=chei
   595 | D:1      | beem: No games for fe-- (win god=chei).
   595 | D:1      | Gorglomux: !log * fe-- win god=chei
   595 | D:1      | beem: 58. whw, XL27 FeTm, T:66075: https://webzook.net/soup/morgue/trunk/whw/morgue-whw-20170411-122205.txt
   595 | D:1      | Gorglomux: !log * fe-- win god=chei -2
   595 | D:1      | beem: 57/58. 4thArraOfDagon, XL27 FeAr, T:37655: http://crawl.xtahua.com/crawl/morgue/4thArraOfDagon/morgue-4thArraOfDagon-20170329-015212.txt
   595 | D:1      | Reached XP level 3. HP: 10/14 MP: 3/7
   613 | D:1      | Gorglomux: !log * fe-- win god=chei -3
   613 | D:1      | beem: 56/58. M4edhros, XL27 FeCK, T:249307: https://underhound.eu:81/crawl/morgue/M4edhros/morgue-M4edhros-20170325-061333.txt
   613 | D:1      | Gorglomux: !log * fe-- win god=chei -4
   613 | D:1      | beem: 55/58. BabyRage, XL26 FeFi, T:59255: https://underhound.eu:81/crawl/morgue/BabyRage/morgue-BabyRage-20170316-225849.txt
   613 | D:1      | Gorglomux: !log * fe-- win god=chei -5
   613 | D:1      | beem: 54/58. whw, XL27 FeTm, T:65114: https://webzook.net/soup/morgue/trunk/whw/morgue-whw-20170226-124433.txt
   613 | D:1      | Gorglomux: !log * feee win
   613 | D:1      | beem: 36. eld, XL27 FeEE, T:37519: https://webzook.net/soup/morgue/trunk/eld/morgue-eld-20170130-031714.txt
  1117 | D:2      | Reached skill level 4 in Stealth
  1340 | D:2      | Found a hide-covered altar of Uskayaw.
  1531 | D:3      | Noticed Terence
  1556 | D:3      | Killed Terence
  1556 | D:3      | Reached XP level 4. HP: 7/18 MP: 0/9
  1943 | D:3      | Noticed a sky beast
  1978 | D:3      | Killed a sky beast
  1978 | D:3      | Reached skill level 5 in Stealth
  1978 | D:3      | Reached skill level 3 in Spellcasting
  1978 | D:3      | Reached XP level 5. HP: 11/21 MP: 5/11
  2208 | D:3      | HP: 5/21 [orc/dagger (6)]
  2240 | D:3      | HP: 5/21 [orc/tomahawk (2)]
  2242 | D:3      | HP: 1/21 [orc/tomahawk (4)]
  2591 | D:3      | HP: 5/21 [orc (5)]
  2828 | D:3      | Reached skill level 3 in Dodging
  2940 | D:3      | Found a glowing silver altar of Zin.
  3113 | D:4      | Noticed an ogre
  3139 | D:3      | Killed an ogre
  3139 | D:3      | Reached skill level 1 in Unarmed Combat
  3139 | D:3      | Gained mutation: You are covered in thick fur. (AC +2) [Felid growth]
  3139 | D:3      | Reached XP level 6. HP: 18/24 MP: 5/12
  3143 | D:3      | Learned a level 2 spell: Passwall
  3241 | D:4      | Found a bloodstained altar of Trog.
  3284 | D:4      | HP: 6/24 [poisoned by a worker ant]
  3289 | D:4      | HP: 5/24 [poisoned by a worker ant]
  3294 | D:4      | HP: 5/24 [poisoned by a worker ant]
  3573 | D:3      | Reached skill level 4 in Dodging
  3746 | D:4      | Reached skill level 2 in Unarmed Combat
  3842 | D:4      | Noticed derval's ghost (amateur DEFE)
  3848 | D:4      | Learned a level 3 spell: Stone Arrow
  4036 | D:4      | Found a blossoming altar of Fedhas.
  4055 | D:4      | HP: 3/24 [orc wizard/magic dart (6)]
  4321 | D:3      | Reached skill level 1 in Conjurations
  4464 | D:4      | Gorglomux: !log feee win -2
  4464 | D:4      | beem: No games for feee (win).
  4464 | D:4      | Gorglomux: !log *feee win -2
  4464 | D:4      | beem: No keyword '*feee'
  4464 | D:4      | Gorglomux: !log * feee win -2
  4464 | D:4      | beem: 35/36. mooon, XL25 FeEE, T:241598: https://webzook.net/soup/morgue/trunk/mooon/morgue-mooon-20161021-073624.txt
  4746 | D:4      | Reached XP level 7. HP: 25/27 MP: 5/13
  4773 | D:4      | Noticed Grinder
  4984 | D:4      | Killed derval's ghost
  4984 | D:4      | Reached skill level 5 in Dodging
  4984 | D:4      | Reached skill level 3 in Unarmed Combat
  4984 | D:4      | Reached skill level 2 in Conjurations
  5337 | D:4      | Killed Grinder
  5337 | D:4      | Reached skill level 3 in Conjurations
  5652 | D:5      | Entered Level 5 of the Dungeon
  6169 | D:5      | Reached skill level 6 in Dodging
  6169 | D:5      | Reached XP level 8. HP: 20/31 MP: 0/14
  6307 | D:5      | Reached skill level 4 in Earth Magic
  6715 | D:5      | Reached skill level 4 in Unarmed Combat
  7448 | D:5      | Found a radiant altar of Vehumet.
  7877 | D:6      | Reached skill level 7 in Dodging
  8162 | D:6      | Reached skill level 5 in Earth Magic
  8276 | D:6      | Reached skill level 5 in Unarmed Combat
  8565 | D:6      | Reached skill level 8 in Dodging
  8937 | D:6      | Reached skill level 6 in Unarmed Combat
  8937 | D:6      | Reached XP level 9. HP: 34/34 MP: 15/15
  9710 | D:7      | Reached skill level 7 in Unarmed Combat
  9738 | D:7      | Reached skill level 9 in Dodging
 10087 | D:7      | Found a staircase to the Ecumenical Temple.
 10097 | Temple   | Entered the Ecumenical Temple
 10407 | Temple   | Became a worshipper of Ru the Awakened
 10918 | D:8      | Reached skill level 8 in Unarmed Combat
 11142 | D:8      | Noticed Pikel
 11143 | D:8      | Noticed a two-headed ogre
 11248 | D:8      | Killed a two-headed ogre
 11248 | D:8      | Reached skill level 10 in Dodging
 11248 | D:8      | Reached skill level 9 in Unarmed Combat
 11281 | D:8      | Killed Pikel
 11281 | D:8      | Reached XP level 10. HP: 37/37 MP: 7/16
 11302 | D:8      | Found a shadowy altar of Dithmenos.
 11901 | D:9      | Noticed a two-headed ogre
 11950 | D:9      | Reached skill level 11 in Dodging
 12167 | D:8      | Reached skill level 10 in Unarmed Combat
 12348 | D:9      | Killed a two-headed ogre
 12643 | D:9      | Gorglomux: !log * fe-- win god=ru
 12643 | D:9      | beem: 43. Huckle, XL27 FeTm, T:74897: https://webzook.net/soup/morgue/trunk/Huckle/morgue-Huckle-20170407-161509.txt
 12643 | D:9      | Gained mutation: You are missing an eye, making it more difficult to aim. [Ru sacrifice]
 12643 | D:9      | Reached * piety under Ru
 12862 | D:9      | Learned a level 1 spell: Confusing Touch
 12877 | D:9      | Noticed a two-headed ogre
 12951 | D:9      | Reached skill level 11 in Unarmed Combat
 12957 | D:9      | Killed a two-headed ogre
 12957 | D:9      | Reached skill level 12 in Dodging
 13205 | D:9      | Reached XP level 11. HP: 18/40 MP: 17/17
 13584 | D:9      | Reached skill level 1 in Hexes
 13626 | D:9      | Found a shattered altar of Ashenzari.
 13763 | D:9      | Found a burning altar of Makhleb.
 13796 | D:9      | Found a snail-covered altar of Cheibriados.
 13915 | D:9      | Reached skill level 1 in Fighting
 14112 | D:10     | Entered Level 10 of the Dungeon
 14579 | D:10     | Reached skill level 2 in Hexes
 14610 | D:10     | Noticed an eight-headed hydra
 14667 | D:10     | Killed an eight-headed hydra
 14667 | D:10     | Reached skill level 2 in Fighting
 14667 | D:10     | Reached skill level 3 in Hexes
 14922 | D:10     | Noticed a two-headed ogre
 14950 | D:10     | Killed a two-headed ogre
 14950 | D:10     | Reached skill level 3 in Fighting
 14950 | D:10     | Reached skill level 4 in Hexes
 15120 | D:10     | HP: 7/45 [elephant (16)]
 15133 | D:10     | HP: 7/45 [phantom (1)]
 15878 | D:10     | Reached skill level 5 in Hexes
 16040 | D:10     | Found a staircase to the Lair.
 16071 | D:10     | Found a portal to a secret trove of treasure.
 16094 | D:10     | Noticed a two-headed ogre
 16149 | D:10     | Killed a two-headed ogre
 16149 | D:10     | Reached skill level 4 in Fighting
 16332 | Lair:1   | Entered Level 1 of the Lair of Beasts
 16573 | Lair:1   | Gained mutation: You are hated by all. [Ru sacrifice]
 16573 | Lair:1   | Reached ** piety under Ru
 16839 | Lair:1   | Reached skill level 12 in Unarmed Combat
 16894 | Lair:1   | Reached skill level 5 in Fighting
 16894 | Lair:1   | Reached skill level 13 in Dodging
 17644 | Lair:1   | Reached skill level 6 in Fighting
 17866 | Lair:2   | HP: 11/48 [rime drake/flash freeze (29)]
 17869 | Lair:2   | Slain by a yak
 17870 | Lair:2   | Reached XP level 10. HP: 0/45 MP: 23/25
 17870 | Lair:2   | Noticed a spiny frog
 17872 | Lair:2   | Killed a spiny frog
 17884 | Lair:2   | Noticed a spiny frog
 17886 | Lair:2   | Found a hole to the Spider Nest.
 17891 | Lair:2   | Noticed a black mamba
 17928 | Lair:1   | Reached XP level 11. HP: 32/49 MP: 17/17
 18559 | Lair:2   | Reached skill level 7 in Fighting
 18823 | Lair:2   | Noticed a six-headed hydra
 18868 | Lair:2   | HP: 4/50 [wyvern (9)]
 19262 | Lair:2   | HP: 3/51 [torpor snail (20)]
 19671 | Lair:2   | Noticed an eight-headed hydra
 19690 | Lair:2   | Reached skill level 8 in Fighting
 19698 | Lair:2   | HP: 7/51 [eight-headed hydra (8)]
 19721 | Lair:2   | HP: 6/51 [bullfrog (4)]
 19730 | Lair:2   | HP: 4/51 [six-headed hydra (3)]
 19733 | Lair:1   | Slain by a bullfrog
 19734 | Lair:1   | Reached XP level 10. HP: 0/48 MP: 18/25
 19734 | Lair:1   | Quit the game

Vault maps used:
D:1:      ncdulo_lavacross, st_stairs_9
D:2:      old_standard_altar
D:3:      nicolae_overflow_hidden_temple, uniq_terence
D:4:      grunt_temple_overflow_open, first_bread, uniq_grinder
D:5:      fiery_altar_vehumet, serial_undead, serial_undead_d, serial_undead_b,
          serial_undead_b, serial_undead_b, minmay_misc_feat_plants
D:6:      st_stairs_7, hangedman_decor_growths
D:7:      minmay_temple_entry_grid
D:8:      hangedman_little_slice_of_home, grunt_dithmenos_shadows, uniq_pikel
D:9:      lemuel_doored_altar, lemuel_round_altar, nicolae_ashenzari_panopticon
D:10:     david_lair_generic, nicolae_trove_entry_diagonal
Temple:   dpeg_chambers_temple
Lair:1:   grunt_megastairs_1
Lair:2:   nicolae_spider_entry_non_spiders, hangedman_lair_generics_rect

Skill      XL: |  1  2  3  4  5  6  7  8  9 10 11 |
---------------+----------------------------------+-----
Stealth        | 3 4 5 |  5.3
Earth Magic    | 3 5 |  5.1
Spellcasting   | 3 |  3.3
Dodging        | 3 4 6 8 10 12 13 | 13.8
Unarmed Combat | 1 2 3 6 9 11 12 | 12.2
Conjurations   | 1 3 |  3.8
Hexes          | 5 |  5.1
Fighting       | 8 |  8.0
Transmutations | |  1.1

Action                   |  1- 3 |  4- 6 |  7- 9 | 10-12 || total
-------------------------+-------+-------+-------+-------++-------
Melee: Unarmed           |    60 |   137 |   334 |   650 ||  1181
       Bite              |     8 |     7 |    36 |    67 ||   118
       Punch             |       |       |     5 |    35 ||    40
 Cast: Sandblast         |    50 |    68 |    34 |    28 ||   180
       Stone Arrow       |       |    17 |   106 |    86 ||   209
       Confusing Touch   |       |       |       |    93 ||    93
Invok: Sacrifice an Eye  |       |       |       |     1 ||     1
       Sacrifice Love    |       |       |       |     1 ||     1
Evoke: Wand              |       |       |     1 |     3 ||     4
  Use: Potion            |       |     1 |     1 |     1 ||     3
       Scroll            |       |       |    10 |     7 ||    17
 Stab: Sleeping          |    11 |     5 |    11 |    17 ||    44
       Distracted        |     1 |     1 |     3 |     2 ||     7
       Invisible         |       |       |     7 |       ||     7
       Paralysed         |       |       |     2 |     5 ||     7
       Confused          |       |       |       |    72 ||    72
  Eat: Chunk             |     9 |     8 |    25 |    26 ||    68
Armor: Skin              |     2 |    13 |    23 |    43 ||    81
Dodge: Dodged            |    55 |   158 |   330 |   585 ||  1128

Vault maps used:
D:1:      ncdulo_lavacross, st_stairs_9
D:2:      old_standard_altar
D:3:      nicolae_overflow_hidden_temple, uniq_terence
D:4:      grunt_temple_overflow_open, first_bread, uniq_grinder
D:5:      fiery_altar_vehumet, serial_undead, serial_undead_d, serial_undead_b,
          serial_undead_b, serial_undead_b, minmay_misc_feat_plants
D:6:      st_stairs_7, hangedman_decor_growths
D:7:      minmay_temple_entry_grid
D:8:      hangedman_little_slice_of_home, grunt_dithmenos_shadows, uniq_pikel
D:9:      lemuel_doored_altar, lemuel_round_altar, nicolae_ashenzari_panopticon
D:10:     david_lair_generic, nicolae_trove_entry_diagonal
Temple:   dpeg_chambers_temple
Lair:1:   grunt_megastairs_1
Lair:2:   nicolae_spider_entry_non_spiders, hangedman_lair_generics_rect

Table legend:
 A = Turns spent in this place as a percentage of turns spent in the entire game.
 B = Non-inter-level travel turns spent in this place as a percentage of non-inter-level travel turns spent in the entire game.
 C = Inter-level travel turns spent in this place as a percentage of turns spent in this place.
 D = Turns resting spent in this place as a percentage of non-inter-level travel turns spent in this place.
 E = Turns spent auto-exploring this place as a percentage of non-inter-level travel turns spent in this place.
 F = Non-inter-level travel turns spent in this place divided by the number of levels of this place that you've seen.
                   A       B       C       D       E      F
               +-------+-------+-------+-------+-------+----------------------
         Total | 100.0 | 100.0 |   0.3 |   4.4 |   5.8 | 449.0
       Dungeon |  83.8 |  83.8 |   0.3 |   4.5 |   5.7 | 489.4
        Temple |   0.4 |   0.4 |   4.0 |   8.3 |  66.7 |  24.0
          Lair |  15.7 |  15.7 |   0.2 |   3.6 |   4.8 | 459.5
               +-------+-------+-------+-------+-------+----------------------

Table legend:
 A = Kills in this place as a percentage of kills in entire the game.
 B = Kills by you in this place as a percentage of kills by you in the entire game.
 C = Kills by friends in this place as a percentage of kills by friends in the entire game.
 D = Other kills in this place as a percentage of other kills in the entire game.
 E = Experience gained in this place as a percentage of experience gained in the entire game.
 F = Experience gained in this place divided by the number of levels of this place that you have seen.
                   A       B       C       D       E      F
               +-------+-------+-------+-------+-------+----------------------
         Total | 100.0 | 100.0 |  -nan | 100.0 | 100.0 | 1967.4
       Dungeon |  86.5 |  86.4 |  -nan | 100.0 |  65.6 | 1678.5
          Lair |  13.5 |  13.6 |  -nan |   0.0 |  34.4 | 4395.5
               +-------+-------+-------+-------+-------+----------------------
